 Dungeon Crawl Stone Soup version 0.22-a0-253-gf9d0ce5 (webtiles) character file.

315478 4thArraOfDagon the Stickfighter (level 19, -13/167 HPs)
             Began as a Demigod Gladiator on Mar 3, 2018.
             Killed from afar by a quicksilver dragon (26 damage)
             ... with a bolt of dispelling energy
             ... on level 2 of the Depths.
             The game lasted 02:21:47 (31729 turns).

4thArraOfDagon the Stickfighter (DgGl)             Turns: 31729, Time: 02:21:48

Health: -13/167    AC:  9    Str: 17    XL:     19   Next: 71%
Magic:  32/34      EV: 27    Int: 29    God:
Gold:   1142       SH:  8    Dex: 17    Spells: 9/32 levels left

rFire    . . .     SeeInvis +   E - +10 dark maul {crush}
rCold    + . .     Gourm    .   (shield currently unavailable)
rNeg     . . .     Faith    .   Y - +0 robe of Dishonour {Regen+ Int+5}
rPois    +         Spirit   .   (no helmet)
rElec    .         Reflect  +   B - +2 cloak {rPois}
rCorr    .         Harm     .   N - +0 pair of gloves (curse)
MR       +....                  O - +1 pair of boots
Stlth    +.........             a - brooch of Shielding {Reflect SH+8}
HPRegen  0.77/turn              b - ring of wizardry
MPRegen  0.24/turn              C - +4 ring of evasion

@: contaminated, glowing
A: talons 1, see invisible, cold resistance 1, high mp 1, sense surroundings 1,
evolution 1
}: 2/15 runes: decaying, serpentine
a: no special abilities


You were on level 2 of the Depths.
You were hungry.

You visited 7 branches of the dungeon, and saw 37 of its levels.
You visited the Abyss 1 time.
You visited 1 bazaar.

You collected 3794 gold pieces.
You spent 2652 gold pieces at shops.

Inventory:

Hand Weapons
 E - the +10 dark maul (weapon) {crush}
   (You bought it in a shop in a bazaar)

   It inflicts extra damage upon your enemies.
 Q - a +7 lajatang of electrocution
Armour
 c - a +2 helmet
 B - a +2 cloak of poison resistance (worn)
 N - a cursed +0 pair of gloves (worn)
 O - a +1 pair of boots (worn)
 Y - the +0 robe of Dishonour (worn) {Regen+ Int+5}
   (You found it on level 5 of the Lair of Beasts)

   It affects your intelligence (+5).
   It increases your rate of regeneration.
Magical Staves
 s - an uncursed staff of earth
 V - an uncursed staff of power {!a}
Jewellery
 a - the brooch of Shielding (around neck) {Reflect SH+8}
   (You found it on level 6 of the Lair of Beasts)

   [amulet of reflection]

   It shields you and reflects attacks.
   It affects your SH (+8).
 b - a ring of wizardry (left hand)
 t - an uncursed ring of fire
 z - an uncursed amulet of regeneration
 A - the cursed necklace of Bloodlust {*Rage +Rage MR++ Int-3 Slay+6 *Curse}
   (You took it off a deep elf sorcerer on level 3 of the Elven Halls)

   [amulet of rage]

   It affects your intelligence (-3).
   It affects your accuracy and damage with ranged weapons and melee attacks
   (+6).
   It affects your resistance to hostile enchantments.
   It lets you go berserk.
   It may make you go berserk in combat.
   It curses itself when equipped.
   It has a curse placed upon it.
 C - a +4 ring of evasion (right hand)
 J - the ring "Azaonyis" {rPois rC++ Int-4 Dex+5}
   (You found it on level 7 of the Dungeon)

   [ring of poison resistance]

   It affects your intelligence (-4).
   It affects your dexterity (+5).
   It greatly protects you from cold.
   It protects you from poison.
 U - an uncursed ring of resist corrosion
Wands
 l - a wand of flame (57)
 o - a wand of clouds (4)
 q - a wand of polymorph (15)
 v - a wand of digging (1)
 W - a wand of iceblast (16)
 Z - a wand of acid (5)
Scrolls
 e - 5 scrolls of enchant armour
 i - a scroll of blinking
 j - a scroll of fear
 n - 18 scrolls of remove curse
 r - 9 scrolls of teleportation
 w - 9 scrolls of identify
 x - 5 scrolls of fog
 y - a scroll of magic mapping
 F - 4 scrolls of noise
 G - 7 scrolls of immolation
 I - 3 scrolls of amnesia
 L - 3 scrolls of brand weapon
 P - 2 scrolls of summoning
Potions
 g - 3 potions of flight
 h - 11 potions of curing
 k - 2 potions of ambrosia
 m - 2 potions of invisibility
 p - 6 potions of brilliance
 u - 2 potions of agility
 K - 6 potions of haste
 M - a potion of might
 S - 3 potions of magic
 T - 2 potions of mutation
 X - 3 potions of cancellation
Miscellaneous
 D - a phantom mirror
 H - a lightning rod (4/4)
 R - a fan of gales
Comestibles
 f - 35 rations


   Skills:
 + Level 14.1 Fighting
 * Level 14.8(18.6) Maces & Flails
 - Level 19.0(20.6) Staves
 - Level 1.7 Throwing
 - Level 6.8 Armour
 + Level 14.1 Dodging
 - Level 7.1 Spellcasting
 - Level 7.6 Transmutations
 - Level 7.6 Earth Magic
 - Level 4.0 Evocations


You had 9 spell levels left.
You knew the following spells:

 Your Spells              Type           Power        Failure   Level  Hunger
a - Statue Form           Tmut/Erth      ######...    13%         6    ######.
b - Blink                 Tloc           N/A          3%          2    None
c - Passage of Golubria   Tloc           N/A          21%         4    ##.....
d - Sublimation of Blood  Necr           ##........   3%          2    None
e - Lesser Beckoning      Tloc           ##........   6%          3    None
f - Borgnjor's Vile Clut  Necr/Erth      ####......   12%         5    ####...
g - Apportation           Tloc           ##....       1%          1    None


Dungeon Overview and Level Annotations

Branches:
Dungeon (15/15)            Temple (0/1) D:6            Lair (6/6) D:11
  Swamp (4/4) Lair:4        Snake (4/4) Lair:4        Slime (0/5) Lair:5
    Orc (2/2) D:12            Elf (3/3) Orc:2        Depths (3/5) D:15
 Vaults: D:13-14

Shops:
D:7 ?   D:9 !   D:13 ?   Orc:2 [(*==   Snake:1 *=

Portals:
Hell: Depths:1 Depths:2
Pandemonium: Depths:3

Annotations:
D:4 exclusion: iguana
D:7 2 transporters
D:8 anet's ghost, novice GrWz
D:9 Joseph
Depths:3 Frederick; Sojobo


Innate Abilities, Weirdness & Mutations

You have an increased reservoir of magic. (+10% MP)
You have sharp toenails.
You have supernaturally acute eyesight. (SInv)
Your flesh is cold resistant. (rC+)
You passively map a small area around you.
You evolve.


Message History

You are contaminated with residual magic.
As you read the scroll of blinking, it crumbles to dust.
An ugly thing and an ettin come into view.
The red ugly thing gurgles horribly!
The ettin shouts in stereo!
The deep troll earth mage points at the rock wall and mumbles some strange words.
Some rock shatters into small pieces.
An ice dragon and a very ugly thing come into view.
You feel better.
Your surroundings suddenly seem different.
The deep troll shouts! x2; The deep troll earth mage shouts!
The iron troll shouts!
You hear a shout!
You hear a grinding noise.
Unknown command.
Unknown command.
As you read the scroll of teleportation, it crumbles to dust.
You feel strangely unstable.
The quicksilver dragon roars deafeningly!
The quicksilver dragon breathes dispelling energy at you.
The bolt of dispelling energy hits you!
You feel strangely stable.
You die...

,, * , ,* , , , .#
... ## #.# ...#.# #
#.#,(.#T# ##.#
#.#..#T###.######## *
* ,*
,#.#.#............# ,
*#.#..T.T.@......# *
#.#....T.........# ##
#C.(............# #.
* #.g..............#
, #.
,#T................#
#
#..................D
, *..##
...T................#
, ...
.#T..p..............#
* , #### ,
#...#..#............
,##..#


You could see a quicksilver dragon, an iron troll, 2 deep trolls and a deep
troll shaman.

Vanquished Creatures
  Saint Roka (Depths:2)
  Nikola (Swamp:1)
  2 liches
  Jorgrun (Elf:3)
  Asterion (Elf:3)
  2 deep elf master archers (Elf:3)
  Rupert (Snake:2)
  Frances (Swamp:1)
  3 thorn hunters
  A tengu reaver (Depths:3)
  Roxanne (Elf:1)
  2 frost giants
  Donald (Elf:3)
  3 fire giants
  14 nagarajas
  Louise (Swamp:1)
  6 deep elf sorcerers
  2 orc warlords
  4 deep elf elementalists (Elf:3)
  A balrug (Depths:1)
  Aizul (Swamp:1)
  7 very ugly things
  4 stone giants
  4 deep elf demonologists (Elf:3)
  8 deep elf annihilators
  2 lorocyprocas
  A spark wasp (Depths:1)
  A dire elephant (Lair:6)
  4 deep elf death magi
  Josephine (Lair:5)
  5 ettins
  2 fire dragons
  A yaktaur captain (Depths:1)
  8 deep elf high priests
  2 vault guards
  7 naga warriors
  22 hydras
  3 ghost crabs
  3 rakshasas
  A merfolk avatar (Lair:6)
  16 anacondas
  2 ogre magi
  6 death yaks (Lair:6)
  2 centaur warriors
  A deep troll shaman (Depths:1)
  12 two-headed ogres
  3 deep troll earth magi (Depths:2)
  16 dancing weapons
  4 alligators
  3 tengu warriors
  A vampire mage (Depths:1)
  10 naga sharpshooters
  A spriggan berserker (Swamp:4)
  8 shock serpents
  3 orc high priests
  A wretched star (Abyss:3)
  20 deep elf knights
  A sixfirhy (Abyss:3)
  3 sun demons
  2 salamander mystics
  2 iron trolls (Depths:1)
  7 hell knights (Depths:1)
  A flayed ghost (Depths:2)
  4 deep trolls
  An unseen horror (D:8)
  3 sea snakes (Snake:1)
  2 glowing orange brains
  2 spriggan druids (Swamp:3)
  A gelid demonspawn (Depths:3)
  3 shambling mangroves
  10 deep elf archers
  9 wizards
  6 naga ritualists
  2 large abominations (Abyss:3)
  A phantasmal warrior (Depths:2)
  A mana viper (shapeshifter) (Depths:2)
  2 necromancers
  8 swamp dragons
  5 orc knights
  56 deep elf magi
  2 manticores (Lair:6)
  8 orc sorcerers
  10 salamanders
  8 mana vipers
  12 ugly things
  A worldbinder (Abyss:3)
  4 cyclopes
  18 elephants
  10 guardian serpents
  A torpor snail (Lair:6)
  27 black mambas
  A black mamba (shapeshifter) (Elf:3)
  14 naga magi
  A smoke demon (Abyss:3)
  5 spiny frogs
  3 gargoyles
  4 yaktaurs
  An efreet (Abyss:3)
  4 komodo dragons (Lair:6)
  2 rime drakes (Lair:6)
  A red devil (Depths:3)
  A hellwing (Depths:3)
  An ice devil (Depths:3)
  An ancient zyme (Abyss:3)
  7 polar bears
  A tengu conjurer (Elf:1)
  4 trolls
  8 tyrant leeches
  8 hornets
  2 blink frogs (Swamp:3)
  2 wind drakes (shapeshifter)
  2 wind drakes (Lair:6)
  5 dream sheep (Lair:6)
  13 hippogriffs
  11 bog bodies
  17 slime creatures
  3 raiju (Abyss:3)
  5 water elementals
  4 spriggans
  A ynoxinul (Abyss:3)
  2 shadows
  An air elemental (Elf:3)
  6 wraiths
  8 redbacks (Snake:2)
  48 yaks
  6 wyverns
  A vampire (D:14)
  2 basilisks
  A golden eye (shapeshifter) (D:13)
  A yak (shapeshifter) (Depths:2)
  3 small abominations (Abyss:3)
  14 vampire mosquitoes
  33 nagas
  2 wargs
  14 insubstantial wisps
  15 swamp worms
  16 porcupines
  14 water moccasins
  48 orc warriors
  17 swamp drakes
  A sky beast (D:11)
  2 ice beasts
  An eye of draining (D:12)
  A phantom (D:6)
  2 hornet zombies (D:15)
  34 wolves (Lair:2)
  12 ogres
  5 boggarts
  3 centaurs
  18 crocodiles
  2 big kobolds
  13 bullfrogs
  A gnoll sergeant (D:6)
  5 earth elementals
  2 wyvern skeletons (D:15)
  4 scorpions
  4 electric eels
  3 howler monkeys (D:13)
  A centaur zombie (D:12)
  3 crimson imps
  2 quasits
  A bullfrog skeleton (D:12)
  7 hounds
  3 centaur skeletons
  8 jellies
  22 orc priests
  9 iguanas
  27 orc wizards
  6 hell rats (Lair:2)
  10 worker ants
  5 yak simulacra (Lair:6)
  5 wolf simulacra (Lair:6)
  3 hound zombies
  2 hound skeletons
  6 gnolls
  13 adders
  5 shadow imps
  A white imp (Abyss:3)
  An ooze (Lair:5)
  3 adder skeletons
  4 dart slugs
  6 leopard geckos
  102 orcs
  A ball python (D:3)
  7 bats
  6 giant cockroaches
  5 hobgoblins
  14 jackals
  A quokka (D:5)
  9 frilled lizards
  7 goblins
  A jackal skeleton (D:6)
  19 kobolds
  5 rats
  A river rat simulacrum (Lair:6)
1306 creatures vanquished.

Vanquished Creatures (others)
  A deep elf master archer (Elf:3)
  A fire giant (Depths:1)
  An alligator (Swamp:1)
  A two-headed ogre (Depths:3)
  A deep elf knight (Elf:1)
  2 deep elf archers (Elf:1)
  A deep elf mage (Elf:1)
  A spiny frog (shapeshifter) (Elf:2)
  A yaktaur (Depths:1)
  A tyrant leech (Swamp:3)
  A blink frog (Swamp:3)
  A chaos spawn (Abyss:3)
  2 ogres (Depths:3)
  2 orc wizards
  An orc (Orc:1)
  40 fungi
  18 plants (Lair:6)
76 creatures vanquished.

Grand Total: 1382 creatures vanquished

Notes
Turn   | Place    | Note
-------+----------+-------------------------------------------
     0 | D:1      | 4thArraOfDagon the Demigod Gladiator began the quest for the Orb.
     0 | D:1      | Reached XP level 1. HP: 17/17 MP: 3/3
     0 | D:1      | Noticed a gargoyle
     3 | D:1      | Noticed a vine stalker
     7 | D:1      | Noticed a draconian
     8 | D:1      | Noticed a draconian
    10 | D:1      | Noticed a minotaur skeleton
    16 | D:1      | Noticed a gargoyle
    18 | D:1      | Noticed a felid
   134 | D:1      | Reached skill level 3 in Staves
   141 | D:1      | Reached XP level 2. HP: 8/24 MP: 4/4
   449 | D:1      | Reached XP level 3. HP: 21/29 MP: 5/5
   572 | D:2      | Reached skill level 4 in Staves
   775 | D:2      | Found a radiant altar of Vehumet.
   775 | D:2      | Found a bloodstained altar of Trog.
   822 | D:2      | Reached XP level 4. HP: 29/36 MP: 6/6
  1146 | D:2      | Reached skill level 5 in Staves
  1736 | D:4      | Reached XP level 5. HP: 38/41 MP: 5/7
  2139 | D:5      | Entered Level 5 of the Dungeon
  2206 | D:5      | Found a basalt altar of Yredelemnul.
  2216 | D:5      | Got a brightly glowing hunting sling
  2220 | D:5      | Identified the cursed +1 hunting sling "Miyr" {velocity, rPois MP-9 Dex+2} (You found it on level 5 of the Dungeon)
  2269 | D:5      | Reached skill level 6 in Staves
  2275 | D:5      | Turgon: Hi, do you have a websocket failure as well?
  2285 | D:5      | Reached XP level 6. HP: 25/48 MP: 4/8
  2349 | D:5      | 4thArraOfDagon: no, whats the problem?
  2393 | D:5      | Reached skill level 7 in Staves
  2441 | D:5      | Turgon: I thought so as you were logged in twice
  2542 | D:5      | Noticed a troll
  2571 | D:5      | Turgon: I sometimes have this - and can't play then for about 15 minutes
  2771 | D:4      | Turgon: Game is stuck then
  2902 | D:5      | You fall through a shaft!
  2915 | D:6      | 4thArraOfDagon: ahh
  2915 | D:6      | 4thArraOfDagon: I recall that bug but didn't happen to me recently
  2957 | D:6      | Found a staircase to the Ecumenical Temple.
  2979 | D:6      | Reached XP level 7. HP: 55/55 MP: 9/9
  3063 | D:6      | Turgon: Well, if it happens about every two days it's not nice
  3273 | D:5      | Reached skill level 8 in Staves
  3281 | D:5      | Turgon: Not sure if it depends on DCSS or on the browser
  3534 | D:7      | Found a transporter.
  3540 | D:7      | Noticed a kobold demonologist
  3545 | D:7      | Found Bagam's Magic Scroll Shoppe.
  3554 | D:7      | Bought a scroll of magic mapping for 45 gold pieces
  3717 | D:6      | 4thArraOfDagon: yea, I always wondered whats the root cause
  3717 | D:6      | 4thArraOfDagon: but happened to me an all browsers!
  3754 | D:6      | Turgon: So I have to wait for a while...
  3802 | D:6      | Turgon: ... watching your game :-)
  3970 | D:6      | Reached skill level 9 in Staves
  4142 | D:7      | Found a transporter.
  4213 | D:7      | Noticed a hippogriff
  4228 | D:7      | Killed a hippogriff
  4228 | D:7      | Reached XP level 8. HP: 59/61 MP: 10/10
  4263 | D:7      | Got a shimmering bronze ring
  4283 | D:7      | Identified the ring "Azaonyis" {rPois rC++ Int-4 Dex+5} (You found it on level 7 of the Dungeon)
  4332 | D:7      | Found a burning altar of Makhleb.
  4680 | D:8      | Noticed anet's ghost (novice GrWz)
  4755 | D:9      | Reached skill level 10 in Staves
  4767 | D:9      | Noticed Joseph
  4786 | D:8      | Noticed a two-headed ogre
  4798 | D:8      | Killed a two-headed ogre
  4798 | D:8      | Reached skill level 11 in Staves
  4890 | D:8      | Reached XP level 9. HP: 26/67 MP: 5/11
  5328 | D:8      | Killed an unseen horror
  5328 | D:8      | Reached skill level 12 in Staves
  5664 | D:10     | Entered Level 10 of the Dungeon
  5722 | D:12     | Noticed a two-headed ogre
  5799 | D:11     | Noticed a gargoyle
  5824 | D:11     | Killed a gargoyle
  6005 | D:11     | Identified the cursed +1 robe of the Comet {Str+4} (You found it on level 11 of the Dungeon)
  6215 | D:10     | Reached skill level 13 in Staves
  6522 | D:9      | Found Goowkag's Distillery.
  6540 | D:9      | Bought a potion of heal wounds for 65 gold pieces
  6540 | D:9      | Bought a potion of degeneration for 13 gold pieces
  6540 | D:9      | Bought a potion of might for 52 gold pieces
  6540 | D:9      | Bought a potion of might for 52 gold pieces
  6540 | D:9      | Bought a potion of magic for 104 gold pieces
  6564 | D:9      | Reached skill level 1 in Armour
  6849 | D:11     | Reached XP level 10. HP: 71/73 MP: 13/13
  6881 | D:11     | Found a staircase to the Lair.
  7649 | D:12     | Noticed an orc knight
  7772 | D:13     | Noticed a centaur warrior
  7798 | D:15     | Entered Level 15 of the Dungeon
  7935 | D:15     | Noticed an orc knight
  8002 | D:14     | Noticed a two-headed ogre
  8024 | D:14     | Killed a two-headed ogre
  8127 | D:14     | Reached skill level 14 in Staves
  8276 | D:14     | Noticed a purple ugly thing
  8277 | D:14     | Noticed a green ugly thing
  8319 | D:14     | Killed a purple ugly thing
  8378 | D:14     | Noticed a white ugly thing
  8421 | D:14     | Killed a purple ugly thing
  8500 | D:14     | Reached skill level 1 in Evocations
  8510 | D:14     | Noticed a white ugly thing
  8512 | D:14     | Noticed a brown ugly thing
  8536 | D:14     | Noticed a white ugly thing
  8541 | D:14     | Killed a purple ugly thing
  8550 | D:14     | Killed a purple ugly thing
  8562 | D:14     | Killed a white ugly thing
  8568 | D:14     | Killed a purple ugly thing
  8608 | D:14     | Noticed a green very ugly thing
  8608 | D:14     | Noticed a wizard
  8644 | D:14     | Killed a green very ugly thing
  8644 | D:14     | Reached XP level 11. HP: 79/79 MP: 16/16
  8676 | D:14     | Killed a wizard
  8734 | D:14     | Noticed a wizard
  8741 | D:14     | Killed a wizard
  8741 | D:14     | Reached skill level 15 in Staves
  8746 | D:14     | Got a blackened mace
  8756 | D:14     | Identified the +7 mace of the Beginning {antimagic, Str-3 Dex+8} (You found it on level 14 of the Dungeon)
  8765 | D:14     | Noticed a six-headed hydra
  8767 | D:14     | HP: 3/79 [six-headed hydra (9)]
  8849 | D:14     | Noticed a vault guard
  8861 | D:14     | Noticed a vault guard
  8898 | D:13     | Killed a vault guard
  8996 | D:13     | Killed a centaur warrior
  9125 | D:13     | Noticed a tengu warrior
  9161 | D:13     | Killed a tengu warrior
  9218 | D:13     | Noticed a deep elf mage
  9235 | D:13     | Killed a deep elf mage
  9235 | D:13     | Reached skill level 16 in Staves
  9241 | D:13     | Found Hubyxiuh's Magic Scroll Boutique.
  9472 | D:13     | HP: 2/79 [orc priest/divine providence (15)]
  9606 | D:13     | Bought a scroll of magic mapping for 56 gold pieces
  9606 | D:13     | Bought a scroll of blinking for 120 gold pieces
  9606 | D:13     | Bought a scroll of magic mapping for 56 gold pieces
  9606 | D:13     | Bought a scroll of random uselessness for 16 gold pieces
  9631 | D:12     | Noticed a two-headed ogre
  9711 | D:14     | Noticed a two-headed ogre
  9724 | D:14     | HP: 2/79 [two-headed ogre/giant club (28)]
  9725 | D:14     | Killed a two-headed ogre
  9997 | D:13     | Reached XP level 12. HP: 85/85 MP: 18/18
 10576 | D:12     | Reached skill level 17 in Staves
 10620 | D:12     | Found a roughly hewn altar of Beogh.
 10620 | D:12     | Found a staircase to the Orcish Mines.
 10709 | D:13     | Bought 3 scrolls of fear for 168 gold pieces
 10709 | D:13     | Bought a scroll of identify for 32 gold pieces
 10882 | Orc:1    | Entered Level 1 of the Orcish Mines
 11104 | Orc:1    | Noticed an orc warlord
 11314 | Lair:1   | Entered Level 1 of the Lair of Beasts
 11556 | Orc:2    | Entered Level 2 of the Orcish Mines
 11750 | Orc:1    | Noticed an ettin
 11756 | Orc:2    | Found a staircase to the Elven Halls.
 11756 | Orc:2    | Found Xunoesk's Antique Weapon Shoppe.
 11756 | Orc:2    | Noticed an orc warlord
 11890 | Orc:2    | Found Aquitsom's Antique Armour Emporium.
 12254 | Orc:2    | Killed an orc warlord
 12254 | Orc:2    | Reached skill level 18 in Staves
 12260 | Orc:2    | HP: 4/85 [orc knight/battleaxe (17)]
 12619 | Orc:2    | Found Guanomah's General Store.
 12700 | Orc:2    | Bought a potion of lignification for 39 gold pieces
 13085 | Orc:2    | Paralysed by an orc sorcerer for 3 turns
 13208 | Orc:2    | Found Migh's Jewellery Shoppe.
 13257 | Orc:2    | Found Una Guli's Jewellery Shoppe.
 13316 | Orc:2    | Found a roughly hewn altar of Beogh.
 13743 | Orc:2    | Bought a glowing lajatang for 558 gold pieces
 13908 | Lair:1   | Reached XP level 13. HP: 87/91 MP: 19/19
 14436 | Lair:2   | Reached skill level 19 in Staves
 14981 | Lair:3   | Reached skill level 5 in Armour
 15294 | Lair:3   | Identified the Disquisition on Earthen Flames
 15324 | Lair:4   | Learned a level 6 spell: Statue Form
 15355 | Lair:4   | Learned a level 2 spell: Blink
 15360 | Lair:4   | Learned a level 4 spell: Passage of Golubria
 15474 | Lair:4   | Gained mutation: You have supernaturally acute eyesight. (SInv) [potion of mutation]
 15474 | Lair:4   | Gained mutation: You evolve. [potion of mutation]
 15474 | Lair:4   | Gained mutation: You rapidly evolve. [potion of mutation]
 15474 | Lair:4   | Gained mutation: Your flesh is cold resistant. (rC+) [potion of mutation]
 15609 | Lair:4   | Reached skill level 1 in Spellcasting
 15612 | Lair:4   | Reached skill level 1 in Transmutations
 15612 | Lair:4   | Reached skill level 1 in Earth Magic
 15718 | Lair:4   | Gained mutation: You have sharp toenails. [evolution]
 15735 | Lair:4   | Found a staircase to the Snake Pit.
 15793 | Lair:4   | Found a staircase to the Swamp.
 15911 | Lair:5   | Identified the +0 robe of Dishonour {Regen+ Int+5} (You found it on level 5 of the Lair of Beasts)
 16011 | Lair:6   | Entered Level 6 of the Lair of Beasts
 16181 | Lair:6   | Found the brooch of Shielding {Reflect SH+8}
 16819 | Lair:6   | Reached XP level 14. HP: 102/104 MP: 23/23
 17111 | Lair:5   | Found a runed door.
 17112 | Lair:5   | Found a viscous altar of Jiyva.
 17113 | Lair:5   | Found a staircase to the Slime Pits.
 17124 | Lair:5   | Gained mutation: Your muscles are strong. (Str +2) [evolution]
 17222 | Lair:5   | Noticed Josephine
 17249 | Lair:5   | Killed Josephine
 17573 | Lair:6   | Reached skill level 5 in Transmutations
 17573 | Lair:6   | Reached skill level 5 in Earth Magic
 17818 | Lair:6   | Reached skill level 5 in Spellcasting
 18608 | Elf:1    | Entered Level 1 of the Elven Halls
 18676 | Elf:1    | Found a flickering gateway to a bazaar.
 18681 | Bazaar   | Entered a bazaar
 18681 | Bazaar   | Found Bixa's Gadget Shoppe.
 18681 | Bazaar   | Found Gecheuqo's Weapon Emporium.
 18686 | Bazaar   | Found Ufeadif's Food Emporium.
 18691 | Bazaar   | Found Aruser's Food Shoppe.
 18701 | Bazaar   | Bought the +10 dark maul {crush} for 867 gold pieces
 18701 | Bazaar   | Found the +10 dark maul {crush}
 18782 | Elf:3    | Entered Level 3 of the Elven Halls
 19168 | Elf:3    | Lost mutation: Your flesh is cold resistant. (rC+) [evolution]
 19265 | Elf:3    | Noticed Jorgrun
 19286 | Elf:3    | Killed Jorgrun
 19398 | Elf:3    | Reached XP level 15. HP: 110/110 MP: 23/29
 19627 | Elf:2    | Paralysed by an orc sorcerer for 5 turns
 19666 | Elf:2    | Reached skill level 5 in Dodging
 19763 | Elf:2    | Reached skill level 5 in Fighting
 20012 | Elf:3    | Noticed Asterion
 20028 | Elf:3    | Killed Asterion
 20091 | Elf:3    | Noticed a deep elf master archer
 20097 | Elf:3    | Killed a deep elf master archer
 20349 | Elf:3    | Got a spiked buckler
 20536 | Elf:3    | Identified the +1 buckler of Refuge {rC+} (You took it off a deep elf sorcerer on level 3 of the Elven Halls)
 20556 | Elf:3    | Noticed Donald
 20565 | Elf:3    | Killed Donald
 20596 | Elf:3    | Got a crystal glaive {flame}
 20596 | Elf:3    | Got twisted acid dragon scales
 20711 | Elf:3    | Noticed a deep elf master archer
 20712 | Elf:3    | Noticed a deep elf master archer
 20725 | Elf:3    | Killed a deep elf master archer
 20725 | Elf:3    | Reached XP level 16. HP: 93/130 MP: 26/31
 20735 | Elf:3    | Killed a deep elf master archer
 20836 | Elf:3    | Identified Vehumet's Volume of Flying Attacks
 20855 | Elf:3    | Identified Ibuebb's Papyrus of Virous Air
 20931 | Elf:3    | Identified the +1 glaive of Blood-Lust {flame, Int+3} (You took it off a deep elf mage on level 3 of the Elven Halls)
 20945 | Elf:3    | Identified the +6 acid dragon scales of the Twenty Nights {rCorr Str+3 Stlth+} (You took it off a deep elf mage on level 3 of the Elven Halls)
 21102 | Elf:2    | Learned a level 2 spell: Sublimation of Blood
 21106 | Elf:2    | Learned a level 3 spell: Lesser Beckoning
 21112 | Elf:2    | Learned a level 5 spell: Borgnjor's Vile Clutch
 21379 | Elf:1    | Cast into level 3 of the Abyss (a deep elf demonologist)
 21441 | Abyss:3  | Noticed a lich
 21451 | Abyss:3  | Paralysed by a lich for 7 turns
 21465 | Abyss:3  | Killed a lich
 21496 | Abyss:3  | Found a blossoming altar of Fedhas.
 21750 | Abyss:3  | Reached skill level 1 in Maces & Flails
 21750 | Abyss:3  | Reached skill level 10 in Dodging
 21800 | Elf:1    | Escaped the Abyss
 21820 | Elf:1    | Reached skill level 10 in Fighting
 22255 | Elf:1    | Got a brightly glowing turquoise ring
 22257 | Elf:1    | Identified the ring "Desestro" {rPois Str+3} (You took it off a deep elf high priest on level 1 of the Elven Halls)
 22371 | Elf:1    | Reached skill level 5 in Maces & Flails
 22539 | Elf:1    | Noticed Roxanne
 22558 | Elf:1    | Killed Roxanne
 22626 | Elf:1    | Gained mutation: Your flesh is cold resistant. (rC+) [evolution]
 22819 | D:9      | Bought a potion of haste for 130 gold pieces
 22819 | D:9      | Bought a potion of brilliance for 52 gold pieces
 22819 | D:9      | Bought a potion of haste for 130 gold pieces
 22819 | D:9      | Bought a potion of agility for 52 gold pieces
 23021 | Swamp:1  | Entered Level 1 of the Swamp
 23021 | Swamp:1  | Found a transporter.
 23087 | Swamp:1  | Found a transporter.
 23091 | Swamp:1  | Identified the amulet "Sal Jaumocka" {Spirit rF- Dex+7} (You found it on level 1 of the Swamp)
 23104 | Swamp:1  | Noticed Aizul
 23105 | Swamp:1  | Got a faintly glowing emerald amulet
 23137 | Swamp:1  | Killed Aizul
 23304 | Swamp:1  | Noticed Louise
 23310 | Swamp:1  | Killed Louise
 23310 | Swamp:1  | Reached XP level 17. HP: 143/143 MP: 23/32
 23323 | Swamp:1  | Noticed Frances
 23333 | Swamp:1  | Killed Frances
 23367 | Swamp:1  | Noticed Nikola
 23389 | Swamp:1  | Killed Nikola
 23768 | Swamp:2  | Identified a scroll of acquirement
 23998 | Swamp:3  | Got a dazzling chain mail
 24024 | Swamp:3  | Identified the amulet "Felic" {+Rage MR+} (You found it on level 1 of the Swamp)
 24267 | Swamp:3  | Identified the +8 chain mail of Jufrilo {rPois Str+3} (You found it on level 3 of the Swamp)
 24345 | Swamp:4  | Entered Level 4 of the Swamp
 24377 | Swamp:4  | Gained mutation: You have a pair of small horns on your head. [evolution]
 25096 | Swamp:4  | Got a decaying rune of Zot
 25382 | Snake:1  | Entered Level 1 of the Snake Pit
 25520 | Snake:1  | Reached skill level 10 in Maces & Flails
 25804 | Snake:1  | Found Saeblerch's Jewellery Emporium.
 25808 | Snake:1  | Found Kiuqikk's General Store.
 25816 | Snake:1  | Bought a scroll of teleportation for 45 gold pieces
 26134 | Snake:1  | Gained mutation: You passively map a small area around you. [evolution]
 26438 | Snake:2  | Reached XP level 18. HP: 135/154 MP: 21/33
 26506 | Snake:2  | Learned a level 1 spell: Apportation
 26710 | Snake:2  | Noticed Rupert
 26728 | Snake:2  | Killed Rupert
 27926 | Snake:4  | Entered Level 4 of the Snake Pit
 28265 | Snake:4  | Identified the +3 large shield of Curiosity {rF+} (You found it on level 4 of the Snake Pit)
 28898 | Snake:4  | Lost mutation: You have a pair of small horns on your head. [evolution]
 29098 | Snake:4  | Got a serpentine rune of Zot
 29519 | D:15     | Found a staircase to the Depths.
 29526 | Depths:1 | Entered Level 1 of the Depths
 29652 | Depths:1 | Found a glowing golden altar of the Shining One.
 29837 | Depths:1 | Reached XP level 19. HP: 163/163 MP: 29/34
 30423 | Depths:1 | Found a gateway to Hell.
 30901 | Depths:2 | Noticed Saint Roka
 31092 | Depths:2 | Lost mutation: Your muscles are strong. (Str +2) [evolution]
 31092 | Depths:2 | Lost mutation: You rapidly evolve. [decline of evolution]
 31309 | Depths:3 | Found a one-way gate leading to the halls of Pandemonium.
 31348 | Depths:3 | Noticed Frederick
 31564 | Depths:2 | Killed Saint Roka
 31708 | Depths:3 | Noticed Sojobo
 31716 | Depths:3 | Noticed a golden dragon
 31720 | Depths:2 | Upgraded the game from 0.22-a0-252-gcace5d2 to 0.22-a0-253-gf9d0ce5
 31726 | Depths:2 | HP: 1/167 [vampire mage/jewelled rapier {flame} (8)]
 31729 | Depths:2 | Killed from afar by a quicksilver dragon

Vault maps used:
D:1:      shiori_arrival_whats_in_store_for_you, minmay_misc_feat_diagonals,
          corexii_item_surrounded_by_moat
D:2:      gammafunk_temple_overflow_statue, first_ration
D:5:      kennysheep_mini
D:6:      minmay_temple_entry_junction
D:7:      gammafunk_wand_slinger, kennysheep_little_box, serial_shops,
          nicolae_shop_crystal
D:8:      hangedman_ranch, minmay_crystal_room
D:9:      serial_shops, shop, uniq_joseph
D:11:     lair_entry_dummy
D:12:     david_orc_5
D:13:     serial_shops, nicolae_shop_stone, minivault_4
D:14:     cheibrodos_breeding_chamber, lightli_vaults_fourway_checkpoint
D:15:     grunt_enter_depths_magical_seal, hangedman_decor_clover_reticule
Lair:1:   beast_lair_carwin_2, grunt_megastairs_5
Lair:2:   grunt_forest_large_clearings, infiniplex_staircase_pool_2,
          lemuel_fruit_fields, serial_bayou_shore_b
Lair:3:   st_stairs_5, cheibrodos_lair_caveside_slide
Lair:4:   minmay_swamp_entry_reptiles, dummy_snake_entry
Lair:5:   slime_altar_2, beast_lair_carwin_1, uniq_josephine
Lair:6:   gammafunk_lair_ancient_temple, eino_house_with_fridge
Swamp:1:  gammafunk_its_a_trap, evilmike_swamp_ruin_house_4, uniq_aizul,
          uniq_louise, uniq_frances, uniq_nikola
Swamp:2:  evilmike_swamp_ruin_rubble_2
Swamp:3:  evilmike_swamp_ruin_house_1
Swamp:4:  swamp_basic_johnstein
Snake:1:  nrook_guardian_serpent_snake_passage, serial_bayou_pond_d,
          hangedman_snake_thin_pillar_pass, minmay_shoptagon, uniq_rupert
Snake:2:  st_stairs_4, hangedman_snake_pattern, spider_trap
Snake:4:  grunt_snake_rune_serpentine_throne
Orc:1:    rock_pile
Orc:2:    grunt_orc_gardens, grunt_orc_garden, grunt_orc_garden,
          grunt_orc_garden, grunt_orc_garden, serial_shops, shop,
          david_defended_altar_orc
Elf:1:    elf_arrival_001, serial_shops, bzr_entry_safe,
          hangedman_elf_disciples, uniq_roxanne
Elf:2:    basic_stair_grate_trap
Elf:3:    minmay_elf_hall_quartered_circle, grunt_ministairs_1,
          nicolae_elf_w_pinch, uniq_asterion, uniq_jorgrun, uniq_donald
Depths:1: lightli_too_deep, serial_corexii_hall, corexii_hall_statues_t,
          corexii_hall_statues_l, corexii_hall_statues_u,
          corexii_hall_statues_deadend, kennysheep_big_empty_room, st_stairs_8,
          nicolae_lava_and_water, tso_altar
Depths:2: evilmike_diamond_2, serial_sigils_hangedman_leer,
          pf_hell_entry_tar_spiral, uniq_mara, uniq_saint_roka
Depths:3: minmay_tri_stars, enter_ziggurat_a, hellmouth_1,
          rand_demon_pan_entry_4, kb_rosetta, uniq_jory, uniq_frederick,
          uniq_sojobo
Bazaar:   bazaar_minmay_row

Skill      XL: |  1  2  3  4  5  6  7  8  9 10 11 12 13 14 15 16 17 18 19 |
---------------+----------------------------------------------------------+-----
Fighting       | 2 4 8 10 12 13 14 | 14.1
Staves         | 3 4 5 6 7 9 11 13 14 16 18 19 | 19.0
Dodging        | 3 4 8 10 12 13 14 | 14.1
Armour         | 1 4 5 6 |  6.8
Evocations     | 3 4 |  4.0
Spellcasting   | 3 6 7 |  7.1
Transmutations | 4 7 |  7.6
Earth Magic    | 4 7 |  7.6
Maces & Flails | 6 10 13 14 | 14.8
Throwing       | |  1.7

Action                   |  1- 3 |  4- 6 |  7- 9 | 10-12 | 13-15 | 16-18 | 19-21 || total
-------------------------+-------+-------+-------+-------+-------+-------+-------++-------
Melee: Quarterstaff      |   128 |   229 |   466 |  1214 |    23 |       |       ||  2060
       Mace              |       |       |       |    58 |       |       |       ||    58
       Lajatang          |       |       |       |     9 |  1101 |   851 |     5 ||  1966
       Kick              |       |       |       |       |   296 |   329 |    33 ||   658
       Staff             |       |       |       |       |       |    66 |       ||    66
       Maul              |       |       |       |       |       |   331 |   161 ||   492
       Headbutt          |       |       |       |       |       |    95 |       ||    95
Throw: Throwing net      |       |     2 |     5 |     3 |       |       |       ||    10
 Cast: Statue Form       |       |       |       |       |    38 |   126 |    25 ||   189
 Abil: End Transformatio |       |       |       |       |    33 |    67 |    23 ||   123
Evoke: Wand              |       |       |     7 |    38 |    21 |     1 |       ||    67
  Use: Potion            |     2 |       |     1 |    15 |     5 |     6 |     3 ||    32
       Scroll            |       |     7 |     6 |    20 |     9 |    18 |    13 ||    73
 Stab: Sleeping          |     1 |     1 |     1 |       |     6 |       |     1 ||    10
       Distracted        |       |     1 |       |     1 |     1 |       |       ||     3
       Held in net/web   |       |     1 |     6 |     5 |       |       |       ||    12
       Paralysed         |       |       |     2 |       |       |       |       ||     2
  Eat: Chunk             |       |     7 |    13 |    18 |    25 |    39 |    12 ||   114
       Ration            |       |       |       |     2 |     5 |    16 |     2 ||    25
Armor: Leather armour    |    50 |    51 |    17 |       |       |       |       ||   118
       Scale mail        |       |       |   129 |   108 |       |       |       ||   237
       Skin              |       |       |     7 |     3 |   129 |   589 |   111 ||   839
       Troll leather arm |       |       |       |    75 |    63 |       |       ||   138
       Robe              |       |       |       |       |    33 |     8 |     5 ||    46
Dodge: Dodged            |   136 |   148 |   256 |   620 |   620 |  1924 |   377 ||  4081
Block: Other             |       |       |       |       |   205 |   669 |   124 ||   998
       Reflection        |       |       |       |       |    15 |    46 |    10 ||    71

Table legend:
 A = Spawn XP
 B = Non-spawn XP
 C = Spawn XP percentage of total XP
 D = Spawn monster count
 E = Non-spawn monster count
 F = Spawn count percentage of total count
 G = Total turns spent on level
                    A         B        C        D         E        F      G
               +---------+---------+-------+---------+---------+-------+---------
         Total |    4391 |  526806 |   0.8 |      13 |    1304 |   1.0 | 31729
               +---------+---------+-------+---------+---------+-------+---------
           D:1 |       0 |      54 |   0.0 |       0 |      30 |   0.0 |   457
           D:2 |       0 |     107 |   0.0 |       0 |      25 |   0.0 |   570
           D:3 |       0 |      61 |   0.0 |       0 |      14 |   0.0 |   656
           D:4 |       0 |     253 |   0.0 |       0 |      20 |   0.0 |   731
           D:5 |       0 |     421 |   0.0 |       0 |      18 |   0.0 |   555
           D:6 |       0 |     643 |   0.0 |       0 |      27 |   0.0 |   954
           D:7 |       0 |     425 |   0.0 |       0 |       7 |   0.0 |   811
           D:8 |       0 |    2321 |   0.0 |       0 |      25 |   0.0 |   810
           D:9 |       0 |     891 |   0.0 |       0 |      21 |   0.0 |   427
          D:10 |       0 |     687 |   0.0 |       0 |      13 |   0.0 |   665
          D:11 |       0 |    2149 |   0.0 |       0 |      19 |   0.0 |  1167
          D:12 |       0 |    7254 |   0.0 |       0 |      53 |   0.0 |  1156
          D:13 |       0 |    9783 |   0.0 |       0 |      48 |   0.0 |  1358
          D:14 |       0 |    8926 |   0.0 |       0 |      18 |   0.0 |  1125
          D:15 |       0 |    5637 |   0.0 |       0 |      18 |   0.0 |   421
        Lair:1 |       0 |    7755 |   0.0 |       0 |      38 |   0.0 |   698
        Lair:2 |       0 |    7536 |   0.0 |       0 |      51 |   0.0 |   869
        Lair:3 |       0 |    5751 |   0.0 |       0 |      15 |   0.0 |   634
        Lair:4 |       0 |    2508 |   0.0 |       0 |      18 |   0.0 |   614
        Lair:5 |       0 |    4249 |   0.0 |       0 |      22 |   0.0 |   633
        Lair:6 |       0 |   26411 |   0.0 |       0 |      84 |   0.0 |  1476
       Swamp:1 |       0 |   19877 |   0.0 |       0 |      29 |   0.0 |   502
       Swamp:2 |       0 |    5095 |   0.0 |       0 |      19 |   0.0 |   367
       Swamp:3 |       0 |   13776 |   0.0 |       0 |      36 |   0.0 |   499
       Swamp:4 |       0 |   34446 |   0.0 |       0 |      71 |   0.0 |   975
       Snake:1 |       0 |   16748 |   0.0 |       0 |      35 |   0.0 |   943
       Snake:2 |       0 |   26421 |   0.0 |       0 |      44 |   0.0 |  1113
       Snake:3 |       0 |   15616 |   0.0 |       0 |      26 |   0.0 |   560
       Snake:4 |       0 |   53788 |   0.0 |       0 |      73 |   0.0 |  1216
         Orc:1 |       0 |    2407 |   0.0 |       0 |      20 |   0.0 |   610
         Orc:2 |       0 |   11484 |   0.0 |       0 |      75 |   0.0 |  1886
         Elf:1 |       0 |   43104 |   0.0 |       0 |      67 |   0.0 |  1178
         Elf:2 |       0 |   14063 |   0.0 |       0 |      31 |   0.0 |   608
         Elf:3 |       0 |   75555 |   0.0 |       0 |      68 |   0.0 |  1833
      Depths:1 |       0 |   51373 |   0.0 |       0 |      58 |   0.0 |  1117
      Depths:2 |       0 |   29937 |   0.0 |       0 |      39 |   0.0 |   907
      Depths:3 |       0 |   12686 |   0.0 |       0 |      20 |   0.0 |   179
       Abyss:3 |    4391 |    6608 |  39.9 |      13 |       9 |  59.1 |   421
               +---------+---------+-------+---------+---------+-------+---------
